 Dungeon Crawl Stone Soup version 0.30-a0-1082-g70414cbcbb (webtiles) character file.

Game seed: 731634574745375491

154 xian the Vexing (level 5, -3/30 (38) HPs)
             Began as a Demonspawn Hexslinger on Apr 15, 2023.
             Slain by a gnoll
             ... wielding a +0 halberd
              (6 damage)
             ... on level 3 of the Dungeon.
             The game lasted 00:05:38 (2357 turns).

xian the Vexing (Demonspawn Hexslinger)             Turns: 2357, Time: 00:05:38

HP:   -3/30 (38)    AC: 17    Str: 13    XL:     5   Next: 13%
MP:   6/6           EV:  3    Int: 14    God:
Gold: 46            SH:  0    Dex: 13    Spells: 5/6 levels left

rFire   . . .      SeeInvis .    p - +2 dagger (drain)
rCold   . . .      Faith    .    (no shield)
rNeg    . . .      Spirit   .    o - +0 plate armour
rPois   .          Reflect  .    i - +2 helmet
rElec   .          Rampage  .    l - +0 cloak
rCorr   .                        (no gloves)
Will    .....                    k - +0 pair of boots Stlth
                                 (no amulet)
HPRegen 0.25/turn                (no ring)
MPRegen 0.10/turn                (no ring)

@: heavily drained
A: hooves 1, slimy green scales 1
a: no special abilities


You were on level 3 of the Dungeon.
You visited 1 branch of the dungeon, and saw 3 of its levels.

You collected 46 gold pieces.

Inventory:

Hand Weapons
 a - a +1 sling
 p - a +2 dagger of draining (weapon)
Missiles
 q - 6 poisoned darts
Armour
 i - a +2 helmet (worn)
 k - a +0 pair of boots (worn)
 l - a +0 cloak (worn)
 o - a +0 plate armour (worn)
Magical Staves
 d - a staff of poison
Scrolls
 b - a scroll of poison
 c - a scroll of immolation {unknown}
 e - a scroll of amnesia {unknown}
 g - a scroll of noise {unknown}
 j - a scroll of enchant armour {unknown}
Potions
 f - a potion of haste {unknown}
 h - a potion of brilliance {unknown}
 m - a potion of curing {unknown}
 n - a potion of berserk rage


   Skills:
 + Level 2.1 Fighting
 + Level 0.1 Short Blades
 + Level 3.6 Ranged Weapons
 + Level 0.9 Armour
 + Level 2.0 Dodging
 + Level 0.1 Stealth
 + Level 1.0 Spellcasting
 + Level 3.8 Hexes


You had 5 spell levels left.
You knew the following spells:

 Your Spells              Type           Power      Damage    Failure   Level
a - Slow                  Hex            44%        N/A       100%        1

Your spell library contained the following spells:

 Spells                   Type           Power      Damage    Failure   Level
 Inner Flame              Hex/Fire       6%         N/A       100%        3
 Portal Projectile        Hex/Tloc       12%        N/A       100%        3
 Cause Fear               Hex            5%         N/A       100%        4


Dungeon Overview and Level Annotations

Branches:
Dungeon (3/15)

Altars:


Innate Abilities, Weirdness & Mutations

You have large cloven feet.
You are partially covered in slimy green scales. (AC +2)


Message History

The sling bullet hits the gnoll.
The gnoll is severely wounded.
The rat bites you but does no damage. The gnoll hits you but does no damage.
The rat bites you but does no damage. The gnoll barely misses you.
You shoot a sling bullet. The sling bullet hits the rat.
You kill the rat!
The gnoll barely misses you. The gnoll hits you but does no damage.
Unknown command.
You shoot a sling bullet.
The sling bullet barely misses the gnoll.
The sling bullet hits the gnoll but does no damage.
The gnoll hits you from afar with a +0 spear. x2
You shoot a sling bullet. The sling bullet hits the gnoll.
The gnoll is severely wounded.
The gnoll hits you from afar with a +0 spear. x2
You are too injured to fight recklessly!
You are too injured to fight recklessly!
You are too injured to fight recklessly!
You are too injured to fight recklessly!
Unknown command.
You sense an unholy aura.
p - a +2 dagger of draining (weapon)
Unknown command.
The gnoll hits you but does no damage. x2
Things that are here:
a +0 club; a rat corpse; a gnoll corpse You hit the gnoll but do no damage.
The gnoll is severely wounded.
The gnoll barely misses you. The gnoll hits you but does no damage.
You hit the gnoll. You drain the gnoll.
You kill the gnoll!
The gnoll hits you from afar with a +0 halberd!
* * * LOW HITPOINT WARNING * * *
Your Fighting skill increases to level 2!
The gnoll hits you but does no damage.
You see here a +0 spear.
You barely miss the gnoll. The gnoll hits you but does no damage.
You hit the gnoll but do no damage. The gnoll hits you but does no damage.
You hit the gnoll but do no damage. The gnoll hits you with a +0 halberd.
You die...

#####.......#††##
...#...........##
............#####
#..........# #
#........# # ##
##....##.# # #..
#....#..#
#...########....#..##
#.....)@g..##.......#
#...######...........
### ####.#.......
..........
.........##
..gg...... ..........
........... .......


You could see a gnoll.

Vanquished Creatures
  An orc wizard (D:2)
  3 gnolls
  4 adders
  6 orcs
  2 bats (D:1)
  6 endoplasms
  2 giant cockroaches (D:1)
  3 goblins (D:1)
  7 hobgoblins
  4 jackals (D:3)
  7 kobolds
  A quokka (D:1)
  2 ball pythons
  2 frilled lizards
  6 rats
56 creatures vanquished.

Notes
Turn   | Place    | Note
-------+----------+-------------------------------------------
     0 | D:1      | xian the Demonspawn Hexslinger began the quest for the Orb.
     0 | D:1      | Reached XP level 1. HP: 15/15 MP: 2/2
   278 | D:1      | Gained mutation: You have large cloven feet. [demonic
                  | ancestry]
   278 | D:1      | Reached XP level 2. HP: 14/21 MP: 3/3
   872 | D:1      | Gained mutation: You are partially covered in slimy green
                  | scales. (AC +2) [demonic ancestry]
   872 | D:1      | Reached XP level 3. HP: 26/26 MP: 4/4
  1830 | D:3      | Reached XP level 4. HP: 27/32 MP: 5/5
  2346 | D:3      | Reached XP level 5. HP: 24/29 MP: 4/6
  2357 | D:3      | Slain by a gnoll

Illustrated notes

Levels and vault maps discovered:
D:1:      dpeg_arrival_leaves_temple_mockup, layout_basic
D:2:      layout_basic
D:3:      minmay_wonky_spiral, layout_rooms

Skill      XL: |  1  2  3  4  5 |
---------------+----------------+-----
Ranged Weapons | 2 3 |  3.6
Dodging        | 2 |  2.0
Fighting       | 2 |  2.1
Short Blades   | |  0.1
Armour         | |  0.9
Stealth        | |  0.1
Spellcasting   | |  1.0
Hexes          | |  3.8

Action                     |  1- 3 |  4- 6 || total
---------------------------+-------+-------++-------
  Melee: Dagger            |     3 |    26 ||    29
         Sling             |       |    11 ||    11
   Fire: Sling             |   125 |    64 ||   189
   Cast: Slow              |     2 |       ||     2
    Use: Potion            |       |     1 ||     1
 Armour: Scale mail        |    33 |       ||    33
         Robe              |     2 |       ||     2
         Plate armour      |    30 |   147 ||   177
  Dodge: Dodged            |    29 |    22 ||    51

Table legend: (Time is in decaauts)
 A = Elapsed time spent in this place.
 B = Non-inter-level travel time spent in this place.
 C = Inter-level travel time spent in this place.
 D = Time resting spent in this place.
 E = Time spent auto-exploring this place.
 F = Levels seen in this place.
 G = Mean time per level.
                   A        B        C        D        E       F      G
               +--------+--------+--------+--------+--------+-----+--------+
         Total |   2513 |   2477 |     36 |    138 |   1693 |   3 |  837.7 |
       Dungeon |   2513 |   2477 |     36 |    138 |   1693 |   3 |  837.7 |
               +--------+--------+--------+--------+--------+-----+--------+

Top non-repeatable levels by time:
     D:2: 1096 daAuts
     D:1: 1012 daAuts
     D:3: 405 daAuts
